AoeStats
← DIZCI

Four Lakes

509501793Analyzed
1v1 RM · 7d ago on Sep 27, 2026· 31m 43s· 2 players
Game mode
Random Map
Map size
Tiny (2 player)
Population
200
Speed
Normal
Resources
Standard
Victory
Conquest
Starting age
Dark Age
Ending age
Imperial Age
RankedLock teamsTeams togetherTeam positionsShared explorationLock speedFull tech treeHidden civsTurbo modeCheats
Victory
Defeat
🇦🇺 Varangians · Australia
965
+15
🇺🇸 Turks · United States
950
-44
DIZCI
13:29 Feudal Age
14:25 Double-Bit Axe
14:23 Horse Collar
27:14 Man-at-Arms
iamjacksonmolloy
5:28 Loom
10:22 Feudal Age
11:16 Double-Bit Axe
15:01 Wheelbarrow
14:33 Gold Mining
14:15 Man-at-Arms
16:27 Forging
16:18 Scale Mail Armor
17:47 Arson
24:32 Castle Age
24:12 Fletching
24:23 Padded Archer Armor
24:44 Elite Skirmisher
25:52 Bodkin Arrow
28:13 Leather Archer Armor
Connection lost

Rejoining the realm…

Still unreachable

The connection could not be restored.

Session expired

The server has moved on; the page needs a fresh start.